 Dungeon Crawl Stone Soup version 0.26-a0-113-gd8a95b691d (webtiles) character file.

Game seed: 9995868464701573612

186 Conn the Magician (level 5, -2/46 HPs)
             Began as an Octopode Wizard on June 27, 2020.
             Killed from afar by Sigmund (6 damage)
             ... with a magic dart
             ... on level 4 of the Dungeon.
             The game lasted 00:10:44 (4497 turns).

Conn the Magician (Octopode Wizard)                 Turns: 4497, Time: 00:10:45

Health: -2/46      AC:  1    Str:  4 (6)  XL:     5   Next: 65%
Magic:  5/20       EV: 13    Int: 18 (21) God:
Gold:   245        SH:  5    Dex: 10 (11) Spells: 1/12 levels left

rFire    . . .     SeeInvis .   a - +0 short sword
rCold    . . .     Faith    .   (no shield)
rNeg     . . .     Spirit   .   e - +0 hat
rPois    .         Reflect  +   v - amulet of reflection
rElec    .         Harm     .   j - ring of magical power
rCorr    .                      (no ring)
MR       .....                  (no ring)
Stlth    ..........             (no ring)
HPRegen  0.15/turn              (no ring)
MPRegen  0.17/turn              (no ring)
                                (no ring)
                                (no ring)

@: berserking, lethally poisoned (-2 -> -4), very slightly contaminated, very
quick
A: almost no armour, stealthy swim, amphibious, 8 rings, constrict 8, camouflage
1, gelatinous body 1
a: no special abilities


You were on level 4 of the Dungeon.
You were not hungry.

You visited 1 branch of the dungeon, and saw 4 of its levels.

You collected 245 gold pieces.

Inventory:

Hand Weapons
 a - a +0 short sword (weapon)
 b - a +4 hunting sling
 q - a +0 dagger
Missiles
 f - 2 boomerangs
 k - 10 sling bullets
 n - 3 atropa-tipped darts (quivered)
 o - 6 poisoned darts
 p - 166 stones
Armour
 e - a +0 hat (worn)
Jewellery
 j - a ring of magical power (left tentacle)
 v - an amulet of reflection (around mantle)
Scrolls
 g - 3 scrolls of amnesia {unknown}
 h - 3 scrolls of teleportation {unknown}
 m - a scroll of fog {unknown}
 s - a scroll of blinking {unknown}
 u - a scroll of identify {unknown}
 w - a scroll of enchant armour {unknown}
 y - a scroll of magic mapping {unknown}
Potions
 d - a potion of degeneration
 l - a potion of stabbing {unknown}
 r - a potion of curing {unknown}
 x - a potion of heal wounds {unknown}
Comestibles
 c - 4 rations
 t - 2 chunks of flesh


   Skills:
 + Level 0.2 Fighting
 + Level 1.2 Short Blades
 * Level 1.3 Slings
 + Level 2.8 Dodging
 + Level 4.0 Stealth
 + Level 4.2 Spellcasting
 + Level 1.5 Conjurations
 + Level 1.3 Summonings
 + Level 1.0 Translocations


You had one spell level left.
You knew the following spells:

 Your Spells              Type           Power        Failure   Level  Hunger
a - Magic Dart            Conj           #...         8%          1    None
b - Blink                 Tloc           N/A          14%         2    ##.....
c - Call Imp              Summ           #.......     13%         2    ##.....
d - Conjure Flame         Conj/Fire      #.......     32%         3    ###....
e - Mephitic Cloud        Conj/Pois/Air  #.......     34%         3    ###....

Your spell library contained the following spells:

 Spells                   Type           Power        Failure   Level  Hunger
 Slow                     Hex            #.......     22%         2    ##.....


Dungeon Overview and Level Annotations

Branches:
Dungeon (4/15)
 Temple: D:4-7

Altars:
Trog
Xom

Shops:
D:4 ?

Annotations:
D:4 Sigmund


Innate Abilities, Weirdness & Mutations

You cannot wear most types of armour.
You are very stealthy in the water. (Stealth+)
You are amphibious.
You can wear up to eight rings at the same time.
You can use your tentacles to constrict eight enemies at once.
Your skin changes colour to match your surroundings (Stealth+).
Your rubbery body absorbs attacks. (AC +1, EV +1)


Message History

You feel sick.
Sigmund hits your white imp with a +0 scythe!
Your white imp dies!
Your crimson imp misses Sigmund.
Unknown command.
It was a potion of degeneration.
There was something very wrong with that liquid.
You feel weakened.
You feel dopey.
You feel clumsy.
Your crimson imp closely misses Sigmund.
It was a potion of berserk rage.
A red film seems to cover your vision as you go berserk!
You feel yourself moving faster!
You feel mighty!
Your crimson imp closely misses the worker ant.
You are too berserk!
You feel a strong urge to attack something.
You feel sick.
Your crimson imp closely misses the worker ant.
Sigmund points at you and mumbles some strange words.
The magic dart hits you.
You die...

#..[....†.§..#
#.##.#.##.##.#
.. #5##.##.#
#.# #...5a#.# .
#..##@..#
#..##.∩.#
#..##...#
#..##.#.#
#..##@#.# #
#[.##...# #.
#..####.#
#.####..####.#
#............#
#............#
#.##.......#.#
#.##.....#.# #
###.##.........


You could see Sigmund, a worker ant and a friendly crimson imp (summoned).

Vanquished Creatures
  A worker ant (D:4)
  A gnoll (D:3)
  3 adders
  2 oozes (D:1)
  3 worms (D:3)
  2 dart slugs
  2 leopard geckos
  2 orcs (D:3)
  2 ball pythons (D:2)
  3 bats
  A giant cockroach (D:1)
  11 goblins
  7 hobgoblins
  6 jackals
  9 kobolds
  3 quokkas
  6 frilled lizards
  5 rats
69 creatures vanquished.

Vanquished Creatures (collateral kills)
  Robin (D:2)
  2 gnolls (D:3)
  2 adders
  3 goblins
  2 hobgoblins
  A jackal (D:3)
  A kobold (D:3)
12 creatures vanquished.

Grand Total: 81 creatures vanquished

Notes
Turn   | Place    | Note
-------+----------+-------------------------------------------
     0 | D:1      | Conn the Octopode Wizard began the quest for the Orb.
     0 | D:1      | Reached XP level 1. HP: 11/11 MP: 4/4
   313 | D:1      | Reached XP level 2. HP: 17/17 MP: 4/6
   652 | D:1      | Reached XP level 3. HP: 21/21 MP: 1/8
  1176 | D:1      | Learned a level 2 spell: Blink
  1179 | D:1      | Learned a level 2 spell: Call Imp
  1183 | D:1      | Learned a level 3 spell: Conjure Flame
  2094 | D:2      | Noticed Robin
  2388 | D:2      | Killed Robin
  2388 | D:2      | Reached XP level 4. HP: 27/27 MP: 9/9
  2426 | D:2      | Found a bloodstained altar of Trog.
  3517 | D:2      | Learned a level 3 spell: Mephitic Cloud
  3581 | D:3      | Reached skill level 1 in Slings
  3757 | D:3      | Reached XP level 5. HP: 31/31 MP: 11/11
  3761 | D:3      | Found a shimmering altar of Xom.
  4417 | D:4      | Reached skill level 1 in Short Blades
  4465 | D:4      | Noticed Sigmund
  4467 | D:4      | Found Vah Gean's Magic Scroll Boutique.
  4497 | D:4      | Killed from afar by Sigmund

Illustrated notes

Levels and vault maps discovered:
D:1:      psy_arrival_fountain, layout_basic, chequers_serial_rivers_micro_d,
          minmay_misc_feat_x
D:2:      layout_basic, old_standard_altar, uniq_robin
D:3:      layout_rooms, old_standard_altar, serial_glass, glass_columns_c,
          glass_columns_a
D:4:      layout_loops_ring, lemuel_crystal_altar, serial_shops,
          nicolae_shop_stone, first_ration, minmay_tree_intersection,
          uniq_eustachio, uniq_sigmund

Skill      XL: |  1  2  3  4  5 |
---------------+----------------+-----
Stealth        | 3 4 |  4.0
Spellcasting   | 4 |  4.2
Slings         | 1 |  1.3
Short Blades   | 1 |  1.2
Fighting       | |  0.2
Dodging        | |  2.8
Conjurations   | |  1.5
Summonings     | |  1.3
Translocations | |  1.0

Action                   |  1- 3 |  4- 6 || total
-------------------------+-------+-------++-------
Melee: Dagger            |    62 |     6 ||    68
       Tentacles         |     9 |     8 ||    17
       Constrict         |    12 |    20 ||    32
       Short sword       |       |    63 ||    63
 Cast: Magic Dart        |    45 |    56 ||   101
       Call Imp          |     5 |    12 ||    17
       Blink             |       |     2 ||     2
  Use: Potion            |       |     2 ||     2
 Stab: Sleeping          |       |     5 ||     5
       Distracted        |       |     1 ||     1
  Eat: Chunk             |     4 |     7 ||    11
Armor: Skin              |     3 |     8 ||    11
Dodge: Dodged            |    36 |    67 ||   103
Block: Other             |       |     2 ||     2

Table legend:
 A = Non-vault XP
 B = Vault XP
 C = Vault XP percentage of total XP
 D = Non-vault monster count
 E = Vault monster count
 F = Vault count percentage of total count
                 A         B        C        D         E       F
            +---------+---------+-------+---------+---------+-------
      Total |     246 |      20 |   7.5 |      72 |       9 |  11.1
            +---------+---------+-------+---------+---------+-------
        D:1 |      44 |       0 |   0.0 |      19 |       0 |   0.0
        D:2 |      83 |      20 |  19.4 |      29 |       9 |  23.7
        D:3 |      76 |       0 |   0.0 |      22 |       0 |   0.0
        D:4 |      43 |       0 |   0.0 |       2 |       0 |   0.0
            +---------+---------+-------+---------+---------+-------
